Map: Newkirk Precinct TE (Void)

Players

RunaMoK (Losira)

  • Race: Terran Terran
  • League: Grandmaster
  • Spawn Location: 5:00

A.I. 2 (Very Easy) - Winner!

  • Race: Protoss Protoss
  • Spawn Location: 7:00

VOD

Have the link to the VOD?

Description

Time

  • Played on: Feb. 23, 2017, 1:44 a.m.
  • Length: 11:35
Show
View Real Time Build Order
Export as new Build Order

RunaMoK Terran 

Build Orders: Reaper Expand, MMM Bio 

Get SALT Encoding   

  12  0:01  SCV  
  13  0:13  SCV  
  14  0:17  Supply Depot  
  14  0:25  SCV  
  15  0:29  Refinery  
  15  0:39  SCV  
  16  0:46  Barracks  
  16  0:51  SCV  
  17  1:03  SCV  
  18  1:15  SCV  
  19  1:34  Reaper, Orbital Command  
  20  1:47  Command Center  
  20  1:57  Factory  
  20  2:01  SCV  
  21  2:09  Barracks Reactor  
  21  2:13  Supply Depot  
  21  2:15  SCV  
  22  2:19  Refinery  
  22  2:27  SCV  
  23  2:39  SCV  
  24  2:45  Starport  
  24  2:46  Marine x2  
  24  2:49  Widow Mine  
  29  2:51  SCV  
  29  3:02  Orbital Command  
  29  3:03  SCV  
  30  3:06  Marine  
  30  3:07  Marine  
  32  3:15  SCV  
  32  3:18  Widow Mine  
  35  3:22  Medivac  
  37  3:27  Marine, SCV  
  37  3:28  Marine  
  37  3:30  SCV  
  41  3:36  Supply Depot  
  41  3:41  SCV  
  41  3:42  SCV  
  41  3:45  Marine  
  41  3:46  Marine  
  45  3:53  SCV  
  45  3:55  Starport Tech Lab, Factory Tech Lab  
  46  3:58  SCV  
  46  3:59  Supply Depot  
  47  4:06  Marine x2, SCV  
  50  4:10  SCV  
  50  4:13  Supply Depot  
  50  4:14  Raven  
  53  4:18  SCV  
  53  4:21  Siege Tank  
  57  4:26  Marine x2  
  57  4:30  SCV x2, Supply Depot  
  61  4:39  Barracks  
  61  4:41  Barracks  
  61  4:43  SCV  
  61  4:44  SCV  
  63  4:49  Engineering Bay  
  63  4:52  Refinery  
  63  4:53  Refinery  
  63  4:54  Marine x2  
  63  4:59  SCV x2  
  67  5:03  Factory Reactor  
  67  5:04  Starport Reactor  
  67  5:09  Supply Depot  
  67  5:11  SCV x2  
  67  5:13  Marine x2  
  71  5:18  Terran Infantry Weapons Level 1  
  71  5:23  SCV  
  71  5:24  Supply Depot  
  71  5:26  SCV  
  73  5:33  Stimpack  
  73  5:34  Marine  
  73  5:35  Combat Shields, SCV  
  75  5:36  Marine  
  75  5:40  Widow Mine x2  
  75  5:41  Medivac  
  82  5:46  Supply Depot  
  82  5:48  Medivac, Supply Depot  
  84  5:55  Marauder x2  
  84  5:56  Marine x2  
  90  6:00  Supply Depot  
  90  6:06  SCV x2  
  90  6:09  Liberator, Supply Depot  
  90  6:10  Liberator, Supply Depot  
  92  6:12  Widow Mine x2  
  96  6:28  Marauder  
  96  6:29  Marine  
  96  6:30  Marine  
  96  6:31  Marauder  
  108  6:40  Widow Mine  
  108  6:41  Widow Mine  
  112  6:47  Marine x2  
  112  6:49  Marauder  
  112  6:52  Marauder  
  112  6:54  Concussive Shells  
  118  7:09  Marine, Widow Mine  
  118  7:10  Marine  
  118  7:11  Marauder  
  118  7:13  Marine  
  125  7:19  Barracks x2  
  125  7:21  Command Center  
  125  7:23  Terran Infantry Armor Level 1  
  125  7:28  Supply Depot, SCV  
  125  7:29  SCV  
  127  7:30  Supply Depot  
  127  7:31  Medivac x2  
  131  7:42  Marauder  
  133  7:47  Supply Depot x2  
  133  7:50  Marauder  
  135  7:51  Widow Mine x2  
  135  7:52  Marine  
  135  7:53  Marine  
  135  7:57  Supply Depot  
  139  7:59  Supply Depot  
  139  8:03  Marine  
  138  9:10  Barracks Tech Lab, Barracks Reactor  
  138  9:44  Liberator x2  
  138  10:04  Orbital Command  
  144  10:07  Armory  
  144  10:09  Engineering Bay  
Show
View Real Time Build Order
Export as new Build Order

A.I. 2 (Very Easy) Protoss - Winner!

Build Orders:  

Get SALT Encoding   

  12  0:01  Probe (Chrono Boost)  
  13  0:11  Probe (Chrono Boost)  
  14  0:22  Pylon  
  14  0:36  Assimilator  
  14  0:43  Gateway  
  14  0:46  Pylon  
  14  1:15  Assimilator  
  14  1:19  Probe (Chrono Boost)  
  15  1:30  Probe (Chrono Boost)  
  15  1:31  Cybernetics Core  
  16  1:40  Probe (Chrono Boost)  
  17  1:51  Probe (Chrono Boost)  
  18  1:58  Warp Gate  
  18  2:02  Probe (Chrono Boost)  
  18  2:07  Stalker  
  19  2:14  Probe (Chrono Boost)  
  22  2:36  Stalker  
  22  2:40  Pylon  
  24  3:04  Zealot  
  26  4:27  Probe (Chrono Boost)  
  20  4:38  Probe (Chrono Boost)  
  21  4:48  Probe (Chrono Boost)  
  22  4:59  Probe (Chrono Boost)  
  21  5:09  Probe (Chrono Boost)  
  22  5:20  Probe (Chrono Boost)  
  19  5:30  Probe (Chrono Boost)  
  20  5:42  Probe (Chrono Boost)  
  21  5:44  Zealot  
  21  5:46  Robotics Facility  
  23  5:53  Probe (Chrono Boost)  
  23  6:04  Probe (Chrono Boost)  
  23  6:14  Probe (Chrono Boost)  
  24  6:25  Probe (Chrono Boost)  
  18  6:32  Nexus  
  18  6:33  Observer  
  18  6:36  Probe (Chrono Boost)  
  20  6:41  Zealot  
  23  6:48  Probe (Chrono Boost)  
  23  6:54  Observer  
  23  6:58  Probe (Chrono Boost)  
  17  7:10  Probe (Chrono Boost)  
  17  7:13  Immortal  
  22  7:21  Probe (Chrono Boost)  
  19  7:33  Probe (Chrono Boost)  
  19  7:43  Probe (Chrono Boost)  
  19  7:54  Observer  
  19  7:55  Probe (Chrono Boost)  
  16  8:06  Probe (Chrono Boost)  
  16  8:07  Zealot  
  19  8:17  Probe (Chrono Boost)  
  14  8:28  Probe (Chrono Boost)  
  14  8:33  Immortal  
  12  8:39  Probe (Chrono Boost)  
  14  8:51  Probe (Chrono Boost)  
  14  9:02  Probe (Chrono Boost)  
  13  9:13  Probe (Chrono Boost)  
  13  9:23  Probe (Chrono Boost)  
  9  9:33  Zealot  
  9  9:35  Probe (Chrono Boost)  
  13  9:46  Probe (Chrono Boost)  
  13  9:57  Probe (Chrono Boost)  
  13  9:59  Immortal  
  14  10:08  Probe (Chrono Boost)  
  13  10:20  Probe (Chrono Boost)  
  12  10:30  Zealot  
  12  10:31  Probe (Chrono Boost)  
  14  10:43  Probe (Chrono Boost)  
  13  10:54  Probe (Chrono Boost)  
  16  11:05  Probe (Chrono Boost)  
  16  11:16  Probe (Chrono Boost)  
  14  11:30  Stalker  
Tags
 
Add a new tag
Caveats
  • Supply blocks, unpowered buildings, or Contaminate may cause inaccurate times.
  • Supply counts are checked every 10 seconds.